TOP OF THE 1ST |
San Francisco (APP) Giants batting - Pitching for Philadelphia (APP) Phillies : RHP Alex Florez
|
Pitching: RHP Alex Florez
|
|
Now at 1B: Carlos Morejon
|
|
Batting: SHB David Barona
|
0-0: Ball 1-0: Foul Ball, location: 2F 1-1: Foul Ball, location: 2F 1-2: Ball 2-2: SINGLE (Line Drive, 8RS, EV 95.0 MPH)
|
Batting: RHB Frank Pena
|
0-0: Ball 1-0: Called Strike David Barona steals 2nd base 1-1: Foul Ball, location: 2F 1-2: Foul Ball, location: 2F 1-2: Ball 2-2: Strikes out swinging
|
Batting: RHB Jason Gregor
|
0-0: Called Strike 0-1: Ball 1-1: Fly out, F3 (Popup, 3F, EV 80.6 MPH)
|
Batting: RHB Edwin Verdugo
|
0-0: Ground out 5-3 (Groundball, 56, EV 83.8 MPH)
|
Top of the 1st over - 0 runs, 1 hit, 0 errors, 1 left on base; San Francisco (APP) 0 - Philadelphia (APP) 0 |
BOTTOM OF THE 1ST |
Philadelphia (APP) Phillies batting - Pitching for San Francisco (APP) Giants : LHP Mike del Rio
|
Pitching: LHP Mike del Rio
|
|
Batting: LHB Matt Urbanek
|
0-0: Foul Ball, location: 2F 0-1: Ball 1-1: Swinging Strike 1-2: Ball 2-2: Strikes out looking
|
Batting: RHB Gary Sampson
|
0-0: Ball 1-0: TRIPLE (Flyball, 78XD, EV 96.9 MPH)
|
Batting: RHB Vaclav Been
|
0-0: Called Strike 0-1: Ball 1-1: Swinging Strike 1-2: Strikes out swinging
|
Batting: RHB Seung-mun Kim
|
0-0: Ball 1-0: Ground out 5-3 (Groundball, 56, EV 85.6 MPH)
|
Bottom of the 1st over - 0 runs, 1 hit, 0 errors, 1 left on base; San Francisco (APP) 0 - Philadelphia (APP) 0 |
TOP OF THE 2ND |
San Francisco (APP) Giants batting - Pitching for Philadelphia (APP) Phillies : RHP Alex Florez
|
Batting: RHB Dinand Brouwer
|
0-0: Ball 1-0: Foul Ball, location: 2F 1-1: Ground out 2-3 (Groundball, 13S, EV 73.1 MPH)
|
Batting: RHB Ed Broomhead
|
0-0: Ball 1-0: Called Strike 1-1: Ground out 5-3 (Groundball, 56S, EV 85.6 MPH)
|
Batting: RHB Sadataka Kuwahara
|
0-0: Ball 1-0: Foul Ball, location: 2F 1-1: Ball 2-1: Called Strike 2-2: Foul Ball, location: 2F 2-2: Strikes out swinging
|
Top of the 2nd over - 0 runs, 0 hits, 0 errors, 0 left on base; San Francisco (APP) 0 - Philadelphia (APP) 0 |
BOTTOM OF THE 2ND |
Philadelphia (APP) Phillies batting - Pitching for San Francisco (APP) Giants : LHP Mike del Rio
|
Batting: RHB Eduardo Calderon
|
0-0: Ball 1-0: Swinging Strike 1-1: SINGLE (Groundball, 6MD, EV 94.4 MPH)
|
Batting: RHB Mark Schultz
|
0-0: Ball 1-0: Called Strike 1-1: SINGLE (Line Drive, 8RM, EV 96.2 MPH) Eduardo Calderon to second
|
Batting: RHB Carlos Morejon
|
0-0: Ball 1-0: SINGLE (Line Drive, 9S, EV 98.1 MPH) Eduardo Calderon to third Mark Schultz to second
|
Batting: LHB Josh George
|
0-0: DOUBLE (Groundball, 5L, EV 111.9 MPH) Eduardo Calderon scores Mark Schultz scores Carlos Morejon to third Runner from 3rd tries for Home, SAFE, no throw by LF
|
Batting: LHB Eric Farren
|
0-0: Ball 1-0: Ball 2-0: Ball 3-0: Called Strike 3-1: Ground out 6-3 (Groundball, 6, EV 84.4 MPH)
|
Batting: LHB Matt Urbanek
|
0-0: Foul Ball, location: 2F 0-1: Ball 1-1: Ball 2-1: Ball 3-1: Base on Balls
|
Batting: RHB Gary Sampson
|
0-0: Called Strike 0-1: Foul Ball, location: 2F 0-2: Ball 1-2: Ball 2-2: Fielders Choice at 2nd, 3-6 (Groundball, 3S, EV 81.9 MPH) Josh George to third
|
Batting: RHB Vaclav Been
|
0-0: Ball 1-0: Called Strike 1-1: Ball 2-1: Ball 3-1: Foul Ball, location: 2F 3-2: Foul Ball, location: 2F 3-2: Base on Balls Gary Sampson to second
|
Batting: RHB Seung-mun Kim
|
0-0: Foul Ball, location: 2F 0-1: SINGLE (Groundball, 5D, EV 105.6 MPH) Josh George scores Gary Sampson to third Vaclav Been to second Runner from 3rd tries for Home, SAFE, throw by LF to home
|
Batting: RHB Eduardo Calderon
|
0-0: Called Strike 0-1: Swinging Strike 0-2: Ball 1-2: Ball 2-2: Ball 3-2: Foul Ball, location: 2F 3-2: Foul Ball, location: 2F 3-2: Ground out 5-3 (Groundball, 5L, EV 86.9 MPH)
|
Bottom of the 2nd over - 5 runs, 5 hits, 0 errors, 2 left on base; San Francisco (APP) 0 - Philadelphia (APP) 5 |
TOP OF THE 3RD |
San Francisco (APP) Giants batting - Pitching for Philadelphia (APP) Phillies : RHP Alex Florez
|
Batting: RHB David Andrews
|
0-0: Fly out, F8 (Flyball, 8RS, EV 91.9 MPH)
|
Batting: RHB Alexis Andrade
|
0-0: Ball 1-0: Swinging Strike 1-1: Ball 2-1: Fly out, F8 (Flyball, 8RM, EV 88.1 MPH)
|
Batting: SHB David Barona
|
0-0: Foul Ball, location: 2F 0-1: Foul Ball, location: 2F 0-2: Ball 1-2: Ball 2-2: Foul Ball, location: 2F 2-2: Foul Ball, location: 2F 2-2: Foul Ball, location: 2F 2-2: Ball 3-2: Base on Balls
|
Batting: RHB Frank Pena
|
0-0: Ball 1-0: Called Strike David Barona steals 2nd base 1-1: Foul Ball, location: 2F 1-2: Fly out, F7 (Flyball, 7LD, EV 81.2 MPH)
|
Top of the 3rd over - 0 runs, 0 hits, 0 errors, 1 left on base; San Francisco (APP) 0 - Philadelphia (APP) 5 |
BOTTOM OF THE 3RD |
Philadelphia (APP) Phillies batting - Pitching for San Francisco (APP) Giants : LHP Mike del Rio
|
Batting: RHB Mark Schultz
|
0-0: Swinging Strike 0-1: Ball 1-1: Ball 2-1: Foul Ball, location: 2F 2-2: Ball 3-2: Strikes out swinging
|
Batting: RHB Carlos Morejon
|
0-0: Ball 1-0: Ball 2-0: Ball 3-0: Base on Balls
|
Batting: LHB Josh George
|
0-0: Fly out, F7 (Flyball, 78M, EV 88.1 MPH)
|
Batting: LHB Eric Farren
|
0-0: Called Strike 0-1: DOUBLE (Line Drive, 7LM, EV 113.1 MPH) Carlos Morejon to third Runner from 3rd tries for Home, SAFE, no throw by LF
|
Pitching: LHP Mark Gregor
|
|
Batting: LHB Matt Urbanek
|
0-0: Ball 1-0: Ball 2-0: Called Strike 2-1: Foul Ball, location: 2F 2-2: Ground out 4-3 (Groundball, 4, EV 88.1 MPH)
|
Bottom of the 3rd over - 1 run, 1 hit, 0 errors, 1 left on base; San Francisco (APP) 0 - Philadelphia (APP) 6 |
TOP OF THE 4TH |
San Francisco (APP) Giants batting - Pitching for Philadelphia (APP) Phillies : RHP Alex Florez
|
Batting: RHB Jason Gregor
|
0-0: Called Strike 0-1: Ball 1-1: Ball 2-1: Swinging Strike 2-2: SINGLE (Flyball, 7LS, EV 90.0 MPH)
|
Batting: RHB Edwin Verdugo
|
0-0: Foul Ball, location: 2F 0-1: Foul Ball, location: 2F 0-2: Fielders Choice at 2nd, 5-4 (Groundball, 56, EV 83.8 MPH)
|
Batting: RHB Dinand Brouwer
|
0-0: Foul Ball, location: 2F 0-1: Ball 1-1: Ball 2-1: Foul Ball, location: 2F 2-2: Ball 3-2: Base on Balls Edwin Verdugo to second
|
Batting: RHB Ed Broomhead
|
0-0: Called Strike Edwin Verdugo steals 3rd base (no throw) 0-1: Fly out, F8 (Flyball, 78S, EV 85.6 MPH)
|
Batting: RHB Sadataka Kuwahara
|
0-0: Swinging Strike 0-1: Swinging Strike 0-2: Ball 1-2: Strikes out swinging
|
Top of the 4th over - 0 runs, 1 hit, 0 errors, 2 left on base; San Francisco (APP) 0 - Philadelphia (APP) 6 |
BOTTOM OF THE 4TH |
Philadelphia (APP) Phillies batting - Pitching for San Francisco (APP) Giants : LHP Mark Gregor
|
Batting: RHB Gary Sampson
|
0-0: Called Strike 0-1: Fly out, F4 (Popup, 4, EV 71.9 MPH)
|
Batting: RHB Vaclav Been
|
0-0: Foul Ball, location: 2F 0-1: Called Strike 0-2: Foul Ball, location: 2F 0-2: Foul Ball, location: 2F 0-2: DOUBLE (Line Drive, 7D, EV 88.1 MPH)
|
Batting: RHB Seung-mun Kim
|
0-0: Ground out 3-1 (Groundball, 34, EV 98.8 MPH) Vaclav Been to third
|
Batting: RHB Eduardo Calderon
|
0-0: Fly out, F7 (Flyball, 7LM, EV 85.0 MPH)
|
Bottom of the 4th over - 0 runs, 1 hit, 0 errors, 1 left on base; San Francisco (APP) 0 - Philadelphia (APP) 6 |
TOP OF THE 5TH |
San Francisco (APP) Giants batting - Pitching for Philadelphia (APP) Phillies : RHP Alex Florez
|
Batting: RHB David Andrews
|
0-0: Called Strike 0-1: Ground out 6-3 (Groundball, 6, EV 106.9 MPH)
|
Batting: RHB Alexis Andrade
|
0-0: Called Strike 0-1: Ball 1-1: Ball 2-1: Ball 3-1: Base on Balls
|
Batting: SHB David Barona
|
0-0: Called Strike 0-1: Called Strike 0-2: Ball 1-2: Fly out, F9 (Flyball, 89D, EV 91.9 MPH)
|
Pitching: RHP David LaBounty
|
|
Batting: RHB Frank Pena
|
0-0: Ball 1-0: Ball 2-0: Ground out 2-3 (Groundball, 2R, EV 65.6 MPH)
|
Top of the 5th over - 0 runs, 0 hits, 0 errors, 1 left on base; San Francisco (APP) 0 - Philadelphia (APP) 6 |
BOTTOM OF THE 5TH |
Philadelphia (APP) Phillies batting - Pitching for San Francisco (APP) Giants : LHP Mark Gregor
|
Batting: RHB Mark Schultz
|
0-0: Ball 1-0: Called Strike 1-1: Called Strike 1-2: Ball 2-2: Ground out 4-3 (Groundball, 4, EV 86.9 MPH)
|
Batting: RHB Carlos Morejon
|
0-0: Ball 1-0: Foul Ball, location: 2F 1-1: Ball 2-1: Ball 3-1: Foul Ball, location: 2F 3-2: Foul Ball, location: 2F 3-2: Base on Balls
|
Batting: LHB Josh George
|
0-0: Ball 1-0: Called Strike 1-1: SINGLE (Line Drive, 9LM, EV 109.4 MPH) Carlos Morejon to second
|
Batting: LHB Eric Farren
|
0-0: Foul Ball, location: 2F 0-1: Called Strike 0-2: Ball 1-2: Ball 2-2: Foul Ball, location: 2F 2-2: Strikes out swinging
|
Batting: LHB Matt Urbanek
|
0-0: Swinging Strike 0-1: Swinging Strike 0-2: Foul Ball, location: 2F 0-2: Strikes out looking
|
Bottom of the 5th over - 0 runs, 1 hit, 0 errors, 2 left on base; San Francisco (APP) 0 - Philadelphia (APP) 6 |
TOP OF THE 6TH |
San Francisco (APP) Giants batting - Pitching for Philadelphia (APP) Phillies : RHP David LaBounty
|
Batting: RHB Jason Gregor
|
0-0: Called Strike 0-1: Ball 1-1: Called Strike 1-2: Strikes out looking
|
Batting: RHB Edwin Verdugo
|
0-0: Foul Ball, location: 2F 0-1: Called Strike 0-2: Ball 1-2: Ball 2-2: Strikes out swinging
|
Batting: RHB Dinand Brouwer
|
0-0: Ball 1-0: Ground out 6-3 (Groundball, 56, EV 88.1 MPH)
|
Top of the 6th over - 0 runs, 0 hits, 0 errors, 0 left on base; San Francisco (APP) 0 - Philadelphia (APP) 6 |
BOTTOM OF THE 6TH |
Philadelphia (APP) Phillies batting - Pitching for San Francisco (APP) Giants : LHP Mark Gregor
|
Pitching: RHP Chance Robinson
|
|
Batting: RHB Gary Sampson
|
0-0: Called Strike 0-1: Ball 1-1: Foul Ball, location: 2F 1-2: TRIPLE (Flyball, 78XD, EV 96.2 MPH)
|
Batting: RHB Vaclav Been
|
0-0: Ball 1-0: Ball 2-0: Ball 3-0: Called Strike 3-1: Foul Ball, location: 2F 3-2: Ground out 6-3 (Groundball, 6, EV 80.0 MPH) Gary Sampson scores
|
Batting: RHB Seung-mun Kim
|
0-0: Ball 1-0: Ball 2-0: Swinging Strike 2-1: SINGLE (Flyball, 8LS, EV 90.0 MPH)
|
Batting: RHB Eduardo Calderon
|
0-0: Ball 1-0: Called Strike 1-1: Ball 2-1: Foul Ball, location: 2F 2-2: Strikes out swinging
|
Batting: RHB Mark Schultz
|
0-0: Foul Ball, location: 2F 0-1: Ball 1-1: Ball 2-1: Called Strike 2-2: Foul Ball, location: 2F 2-2: SINGLE (Line Drive, 5D, EV 111.9 MPH) Seung-mun Kim to second
|
Batting: RHB Carlos Morejon
|
0-0: SINGLE (Groundball, 4MS, EV 83.8 MPH) (infield hit) Seung-mun Kim to third Mark Schultz to second
|
Batting: LHB Josh George
|
0-0: Called Strike 0-1: Called Strike 0-2: Strikes out looking
|
Bottom of the 6th over - 1 run, 4 hits, 0 errors, 3 left on base; San Francisco (APP) 0 - Philadelphia (APP) 7 |
TOP OF THE 7TH |
San Francisco (APP) Giants batting - Pitching for Philadelphia (APP) Phillies : RHP David LaBounty
|
Batting: RHB Ed Broomhead
|
0-0: Called Strike 0-1: Ground out U3 (Groundball, 3, EV 78.1 MPH)
|
Batting: RHB Sadataka Kuwahara
|
0-0: Ball 1-0: Swinging Strike 1-1: Foul Ball, location: 2F 1-2: Strikes out swinging
|
Batting: RHB David Andrews
|
0-0: Called Strike 0-1: Foul Ball, location: 2F 0-2: Ball 1-2: Ball 2-2: Ball 3-2: Foul Ball, location: 2F 3-2: Base on Balls
|
Batting: RHB Alexis Andrade
|
0-0: Swinging Strike 0-1: Ball 1-1: Ball 2-1: Called Strike 2-2: Ground out 6-3 (Groundball, P, EV 88.1 MPH)
|
Top of the 7th over - 0 runs, 0 hits, 0 errors, 1 left on base; San Francisco (APP) 0 - Philadelphia (APP) 7 |
BOTTOM OF THE 7TH |
Philadelphia (APP) Phillies batting - Pitching for San Francisco (APP) Giants : RHP Chance Robinson
|
Pitching: RHP Nick McDade
|
|
Batting: LHB Eric Farren
|
0-0: Foul Ball, location: 2F 0-1: Ground out 4-3 (Groundball, 4, EV 90.6 MPH)
|
Batting: LHB Matt Urbanek
|
0-0: Ball 1-0: Foul Ball, location: 2F 1-1: Swinging Strike 1-2: Ball 2-2: Ball 3-2: Ground out 6-3 (Groundball, 6, EV 98.1 MPH)
|
Batting: RHB Gary Sampson
|
0-0: Ball 1-0: Foul Ball, location: 2F 1-1: Swinging Strike 1-2: Strikes out swinging
|
Bottom of the 7th over - 0 runs, 0 hits, 0 errors, 0 left on base; San Francisco (APP) 0 - Philadelphia (APP) 7 |
TOP OF THE 8TH |
San Francisco (APP) Giants batting - Pitching for Philadelphia (APP) Phillies : RHP David LaBounty
|
Pinch Hitting: RHB Teruhide Horiuchi
|
0-0: Ball 1-0: Called Strike 1-1: Foul Ball, location: 2F 1-2: SINGLE (Groundball, 6MD, EV 103.8 MPH)
|
Pitching: RHP Tony Trevino
|
|
Batting: RHB Frank Pena
|
0-0: Called Strike 0-1: Swinging Strike 0-2: Foul Ball, location: 2F 0-2: Ball 1-2: Ball 2-2: Foul Ball, location: 2F 2-2: Fly out, F8 (Flyball, 8LS, EV 80.0 MPH)
|
Batting: RHB Jason Gregor
|
0-0: Called Strike 0-1: Swinging Strike 0-2: Strikes out swinging
|
Batting: RHB Edwin Verdugo
|
0-0: Ball 1-0: Ball 2-0: SINGLE (Flyball, 8RM, EV 72.5 MPH) Teruhide Horiuchi to second
|
Batting: RHB Dinand Brouwer
|
0-0: Ball 1-0: Called Strike 1-1: Swinging Strike 1-2: Ball 2-2: Ball Wild Pitch! Teruhide Horiuchi to third Edwin Verdugo to second 3-2: Base on Balls
|
Batting: RHB Ed Broomhead
|
0-0: Called Strike 0-1: Foul Ball, location: 2F 0-2: Ball Passed Ball! Teruhide Horiuchi scores Edwin Verdugo to third Dinand Brouwer to second 1-2: Foul Ball, location: 2F 1-2: Strikes out swinging
|
Top of the 8th over - 1 run, 2 hits, 0 errors, 2 left on base; San Francisco (APP) 1 - Philadelphia (APP) 7 |
BOTTOM OF THE 8TH |
Philadelphia (APP) Phillies batting - Pitching for San Francisco (APP) Giants : RHP Nick McDade
|
Now in LF: Frank Pena
|
|
Now in CF: Teruhide Horiuchi
|
|
Batting: RHB Vaclav Been
|
0-0: Foul Ball, location: 2F 0-1: Swinging Strike 0-2: Foul Ball, location: 2F 0-2: Ball 1-2: Ball 2-2: Foul Ball, location: 2F 2-2: Ball 3-2: Foul Ball, location: 2F 3-2: Base on Balls
|
Batting: RHB Seung-mun Kim
|
0-0: Foul Ball, location: 2F 0-1: Swinging Strike 0-2: Foul Ball, location: 2F 0-2: Ball 1-2: Ball 2-2: Strikes out swinging
|
Batting: RHB Eduardo Calderon
|
0-0: Called Strike 0-1: Foul Ball, location: 2F 0-2: Foul Ball, location: 2F 0-2: Ball 1-2: Ball 2-2: Strikes out swinging
|
Batting: RHB Mark Schultz
|
0-0: Called Strike 0-1: Ball 1-1: DOUBLE (Line Drive, 9LS, EV 112.5 MPH) Vaclav Been to third Runner from 3rd tries for Home, throw by RF and OUT! 9-4-2
|
Bottom of the 8th over - 0 runs, 1 hit, 0 errors, 1 left on base; San Francisco (APP) 1 - Philadelphia (APP) 7 |
TOP OF THE 9TH |
San Francisco (APP) Giants batting - Pitching for Philadelphia (APP) Phillies : RHP Tony Trevino
|
Batting: RHB Sadataka Kuwahara
|
0-0: Called Strike 0-1: Foul Ball, location: 2F 0-2: Foul Ball, location: 2F 0-2: Reaches on Catchers interference
|
Pitching: RHP Georgs Felitti
|
|
Batting: RHB David Andrews
|
0-0: Called Strike 0-1: Ball 1-1: Ball 2-1: Swinging Strike 2-2: Ball 3-2: Foul Ball, location: 2F 3-2: Base on Balls Sadataka Kuwahara to second
|
Batting: RHB Alexis Andrade
|
0-0: Foul Ball, location: 2F 0-1: Ball 1-1: Foul Ball, location: 2F 1-2: Grounds into double play, 6-4-3 (Groundball, 6, EV 88.8 MPH) Sadataka Kuwahara to third
|
Batting: RHB Teruhide Horiuchi
|
0-0: Called Strike 0-1: Ball 1-1: Swinging Strike 1-2: Ball 2-2: Fly out, F7 (Flyball, 78XD, EV 108.1 MPH)
|
Top of the 9th over - 0 runs, 0 hits, 1 error, 1 left on base; San Francisco (APP) 1 - Philadelphia (APP) 7 |
|